 Dungeon Crawl Stone Soup version 0.27-a0-1529-g1e82c303ef (webtiles) character file.

Game seed: 16866629530551701628

1127 wakim the Slicer (level 8, -1/44 HPs)
             Began as a Kobold Brigand on July 11, 2021.
             Slain by an ogre (22 damage)
             ... on level 5 of the Dungeon.
             The game lasted 00:25:54 (7526 turns).

wakim the Slicer (Kobold Brigand)                   Turns: 7526, Time: 00:25:54

Health: -1/44      AC:  5    Str:  9    XL:     8   Next: 62%
Magic:  8/8        EV: 18    Int: 12    God:
Gold:   182        SH:  0    Dex: 18    Spells: 7/7 levels left

rFire    + . .     SeeInvis +   b - +1 rapier (speed)
rCold    + . .     Faith    .   (shield restricted)
rNeg     . . .     Spirit   .   m - +1 robe {rC+}
rPois    .         Reflect  .   (no helmet)
rElec    .         Harm     .   c - +0 cloak
rCorr    .         Rampage  .   (no gloves)
Will     .....                  n - +0 pair of boots
Stlth    +++++.....             (no amulet)
HPRegen  0.14/turn              l - ring of see invisible
MPRegen  0.11/turn              k - ring of protection from fire

@: no status effects
A: small, no large weapons, nightstalker 3
a: no special abilities


You were on level 5 of the Dungeon.
You visited 1 branch of the dungeon, and saw 5 of its levels.
You also visited: Sewer.

You collected 182 gold pieces.

Inventory:

Hand Weapons
 a - a +4 dagger
 b - a +1 rapier of speed (weapon)
Missiles
 d - 37 poisoned darts (quivered)
 e - 2 curare-tipped darts {=f}
 g - 7 atropa-tipped darts
 o - 4 throwing nets {=f!f}
Armour
 c - a +0 cloak (worn)
 j - a +0 kite shield
 m - a +1 robe of cold resistance (worn)
 n - a +0 pair of boots (worn)
Jewellery
 k - a ring of protection from fire (right hand)
 l - a ring of see invisible (left hand)
 q - a +6 ring of dexterity
Wands
 x - a wand of iceblast (7)
Scrolls
 f - a scroll of enchant armour {unknown}
 R - a scroll of magic mapping {!r}
 S - 2 scrolls of summoning
 T - 2 scrolls of teleportation
Potions
 h - a potion of might {unknown}
 i - a potion of haste {unknown}
 p - a potion of heal wounds {unknown}
 s - 2 potions of flight {unknown}
 t - a potion of attraction {unknown}
 F - a potion of curing
 L - 3 potions of lignification {!q}


   Skills:
 - Level 2.1 Fighting
 + Level 8.5 Short Blades
 + Level 4.4 Throwing
 + Level 5.9 Dodging
 - Level 8.0 Stealth


You had 7 spell levels left.
You didn't know any spells.
Your spell library contained the following spells:

 Spells                   Type           Power      Damage    Failure   Level
 Foxfire                  Conj/Fire      0%         2x1d4     32%         1
 Conjure Flame            Conj/Fire      0%         6-21      69%         3
 Inner Flame              Hex/Fire       0%         N/A       69%         3
 Passage of Golubria      Tloc           N/A        N/A       97%         4
 Silence                  Hex/Air        0%         N/A       100%        5
 Lehudib's Crystal Spear  Conj/Erth      0%         10d2      100%        8


Dungeon Overview and Level Annotations

Branches:
Dungeon (5/15)              Sewer (visited)
 Temple: D:4-7

Altars:

Shops:
D:4 :

Annotations:
D:4 Ijyb
D:5 Menkaure


Innate Abilities, Weirdness & Mutations

You are small and have problems with some larger weapons.
You are completely attuned to the shadows.


Message History

Press: ? - help, Q - select action, (/) - cycle Shift-Dir - straight line, f/p - scorpion
Aim: a scorpion (severely wounded, very poisoned, 64% to hit)
You throw a poisoned dart.
The poisoned dart closely misses the scorpion.
You kill the scorpion!
HP restored.
d - 35 poisoned darts (gained 1)
You see here a +0 spear.
d - 36 poisoned darts (gained 1)
d - 37 poisoned darts (gained 1)
d - 40 poisoned darts (gained 3) Menkaure, Prince of Dust comes into view.
An ogre comes into view. It is wielding a +0 giant spiked club.
The ogre shouts!
Menkaure shouts!
Menkaure calls on the powers of darkness!
The ogre convulses!
Your body is wracked with pain!
Menkaure points at you and mumbles some strange words.
Pain shoots through your body!
* * * LOW HITPOINT WARNING * * *
There is a stone staircase leading up, spattered with blood here.
Throw: 40 darts (poison)
Press: ? - help, Q - select action, (/) - cycle Shift-Dir - straight line, f - ogre
Aim: an ogre, wielding a +0 giant spiked club (moderately wounded, 77% to hit)
You throw a poisoned dart. The poisoned dart hits the ogre!
The ogre is poisoned.
The ogre is moderately wounded.
Throw: 39 darts (poison)
Press: ? - help, Q - select action, (/) - cycle Shift-Dir - straight line, f/p - ogre
Aim: an ogre, wielding a +0 giant spiked club (moderately wounded, very poisoned, 77% to hit)
You throw a poisoned dart. The poisoned dart hits the ogre.
The ogre looks even sicker.
The ogre is moderately wounded.
Throw: 38 darts (poison)
Press: ? - help, Q - select action, (/) - cycle Shift-Dir - straight line, f/p - ogre
Aim: an ogre, wielding a +0 giant spiked club (moderately wounded, very poisoned, 77% to hit)
You throw a poisoned dart.
The poisoned dart completely misses the ogre.
The ogre hits you with a +0 giant spiked club!!
Ouch! That really hurt!
You die...

...#.... #..#...#
#......##
.g.........
.....##.<...#
.....#.......
........##...
.........##....
#.......@.......
.......)O......
.............##
#......###(....
............(....
.............>...
......##.......#...
..##..........###..
................#..


You could see an ogre (very poisoned).

Vanquished Creatures
  Grinder (D:4)
  Eustachio (D:4)
  Edmund (D:4)
  2 black bears (D:4)
  An ogre (D:4)
  A scorpion (D:5)
  An orc priest (D:3)
  2 iguanas (D:4)
  An orc wizard (D:3)
  7 gnolls
  3 adders
  2 river rats (D:3)
  5 worms
  2 dart slugs (D:1)
  5 orcs
  10 endoplasms
  12 giant cockroaches
  8 goblins
  6 hobgoblins
  7 jackals
  8 kobolds
  5 quokkas
  9 ball pythons
  8 bats
  6 frilled lizards
  6 rats
120 creatures vanquished.

Vanquished Creatures (others)
  A plant (D:5)
1 creature vanquished.

Grand Total: 121 creatures vanquished

Notes
Turn   | Place    | Note
-------+----------+-------------------------------------------
     0 | D:1      | wakim the Kobold Brigand began the quest for the Orb.
     0 | D:1      | Reached XP level 1. HP: 12/12 MP: 1/1
   199 | D:1      | Reached XP level 2. HP: 17/17 MP: 2/2
   531 | D:1      | Reached XP level 3. HP: 16/21 MP: 3/3
  1645 | D:2      | Reached XP level 4. HP: 24/26 MP: 4/4
  1951 | D:2      | Reached skill level 5 in Short Blades
  2387 | D:2      | You fall into a shaft and drop 1 floor!
  2475 | D:3      | Reached XP level 5. HP: 8/30 MP: 5/5
  2811 | D:3      | Found a glowing drain.
  2815 | Sewer    | Entered a sewer
  3393 | Sewer    | Noticed a bullfrog
  4384 | D:3      | Found a faded altar of an unknown god.
  4765 | D:3      | Reached XP level 6. HP: 35/35 MP: 6/6
  5298 | D:4      | Noticed Grinder
  5407 | D:4      | Found Pihecu Ciet's Book Boutique.
  5411 | D:4      | Noticed Edmund
  5415 | D:4      | Killed Edmund
  5492 | D:4      | Reached XP level 7. HP: 40/40 MP: 7/7
  5704 | D:4      | Killed Grinder
  5705 | D:4      | Reached skill level 5 in Dodging
  6049 | D:4      | Noticed Eustachio
  6053 | D:4      | Killed Eustachio
  6054 | D:4      | Reached XP level 8. HP: 44/44 MP: 8/8
  6798 | D:5      | Entered Level 5 of the Dungeon
  6800 | D:5      | Noticed Ijyb
  7497 | D:5      | Noticed Menkaure
  7526 | D:5      | Slain by an ogre

Illustrated notes

Levels and vault maps discovered:
D:1:      saegor_arrival_simple_c, layout_loops_corners, minmay_box_of_dots
D:2:      layout_basic, moated_statue
D:3:      layout_loops_ring, ebering_ecumenical_altar_mist,
          gup_sewer_entry_spiral
D:4:      layout_gridville, serial_shops, shop, st_stairs_12, uniq_edmund,
          uniq_eustachio, uniq_grinder
D:5:      layout_cave_pools, kennysheep_path_1, serial_bayou_lake_a,
          uniq_sigmund, uniq_menkaure, uniq_ijyb

Skill      XL: |  1  2  3  4  5  6  7  8 |
---------------+-------------------------+-----
Short Blades   | 3 4 5 6 7 8 |  8.5
Dodging        | 2 3 4 5 |  5.9
Throwing       | 3 4 |  4.4
Stealth        | 7 8 |  8.0
Fighting       | |  2.1

Action                   |  1- 3 |  4- 6 |  7- 9 || total
-------------------------+-------+-------+-------++-------
Melee: Dagger            |   101 |   312 |    50 ||   463
       Rapier            |       |       |    48 ||    48
Throw: Dart              |       |    11 |    15 ||    26
  Use: Scroll            |     1 |     5 |     2 ||     8
       Potion            |       |     2 |       ||     2
 Stab: Sleeping          |    22 |    22 |    10 ||    54
Armor: Robe              |     9 |    32 |    17 ||    58
Dodge: Dodged            |    53 |   127 |    98 ||   278

Table legend: (Time is in decaauts)
 A = Elapsed time spent in this place.
 B = Non-inter-level travel time spent in this place.
 C = Inter-level travel time spent in this place.
 D = Time resting spent in this place.
 E = Time spent auto-exploring this place.
 F = Levels seen in this place.
 G = Mean time per level.
                   A        B        C        D        E       F      G
               +--------+--------+--------+--------+--------+-----+--------+
         Total |   7489 |   7197 |    292 |    841 |   4856 |   6 | 1248.2 |
       Dungeon |   6856 |   6564 |    292 |    684 |   4611 |   5 | 1371.2 |
         Sewer |    633 |    633 |      0 |    157 |    245 |   1 |  633.0 |
               +--------+--------+--------+--------+--------+-----+--------+

Top non-repeatable levels by time:
     D:3: 1811 daAuts
     D:4: 1739 daAuts
     D:1: 1570 daAuts
     D:2: 1519 daAuts
   Sewer: 633 daAuts
     D:5: 216 daAuts
